 Dungeon Crawl Stone Soup version 0.29.0-11-gd7f09526c8 (webtiles) character file.

Game seed: 5343312523593059687

65 blackman the Sneak (level 3, -3/29 HPs)
             Began as a Demonspawn Delver on Sept 2, 2022.
             Slain by a gnoll
             ... wielding a +0 flail
              (5 damage)
             ... on level 3 of the Dungeon.
             The game lasted 00:02:49 (994 turns).

blackman the Sneak (Demonspawn Delver)               Turns: 994, Time: 00:02:49

Health: -3/29      AC:  3    Str: 14    XL:     3   Next: 92%
Magic:  3/3        EV: 11    Int: 11    God:
Gold:   27         SH:  0    Dex: 14    Spells: 2/2 levels left

rFire   . . .      SeeInvis .   a - +1 hand axe
rCold   . . .      Faith    .   (no shield)
rNeg    . . .      Spirit   .   b - +0 leather armour
rPois   .          Reflect  .   (no helmet)
rElec   .          Harm     .   (no cloak)
rCorr   .          Rampage  .   (no gloves)
Will    .....                   (no boots)
Stlth   +.........              (no amulet)
HPRegen 0.09/turn               (no ring)
MPRegen 0.16/turn               (no ring)

@: silenced
A: magic regeneration
a: no special abilities


You were on level 3 of the Dungeon.
You visited 1 branch of the dungeon, and saw 4 of its levels.

You collected 27 gold pieces.

Inventory:

Hand Weapons
 a - a +1 hand axe (weapon)
Missiles
 h - 6 poisoned darts (quivered)
Armour
 b - a +0 leather armour (worn)
Wands
 g - a wand of digging (3)
Scrolls
 c - a scroll of fog
 e - a scroll of fear
 i - a scroll of poison {unknown}


   Skills:
 - Level 3.0 Fighting
 + Level 3.9 Axes
 - Level 1.7 Dodging
 - Level 4.5 Stealth


You had 2 spell levels left.
You didn't know any spells.
Your spell library was empty.

Dungeon Overview and Level Annotations

Branches:
Dungeon (5/15)
 Temple: D:4-7

Altars:
Cheibriados


Innate Abilities, Weirdness & Mutations

You regenerate magic rapidly.


Message History

You kill the goblin!
No target in view!
No target in view!
No target in view!
There is a stone staircase leading up here.
You climb upwards.
Found a dagger, 5 stones and a ring mail.
There is a stone staircase leading down here.
The helpless endoplasm fails to defend itself.
You hit the endoplasm.
The endoplasm is heavily wounded.
The endoplasm freezes you.
You are frozen.
You hit the endoplasm.
You kill the endoplasm!
The rat barely misses you.
You hit the rat.
The rat is moderately wounded.
The rat closely misses you.
You slash the rat!
You kill the rat!
The gnoll shouts!
The gnoll hits you with a +0 flail.
A gnoll comes into view. It is wielding a +0 club.
The gnoll hits you with a +0 flail. x2
There is a stone staircase leading down here.
The gnoll hits you with a +0 flail. The gnoll hits you with a +0 flail!
* * * LOW HITPOINT WARNING * * *
You climb downwards.
There is a stone staircase leading up here.
As you read the scroll labelled LAMIRANIUX, it crumbles to dust.
It is a scroll of enchant weapon.
Your +0 hand axe glows red for a moment.
The gnoll hits you with a +0 flail.
* * * LOW HITPOINT WARNING * * *
The gnoll closely misses you.
As you read the scroll labelled ASUNENLUTY, it crumbles to dust.
A profound silence engulfs you.
It was a scroll of silence.
The gnoll hits you with a +0 flail.
You die...

#.#.# #.# #.#.#
#.# #.#.####.#
#)#.#....#
#.####.#.#.#######
#................#
######.#.#.####.##
...#.g.g....#
#######@###..# #.#
# ###


You could see 2 gnolls.

Vanquished Creatures
  A hound (D:5)
  An iguana (D:5)
  A worm (D:5)
  An orc (D:4)
  2 endoplasms
  A ball python (D:4)
  A goblin (D:3)
  A kobold (D:4)
  A rat (D:2)
10 creatures vanquished.

Vanquished Creatures (others)
  5 plants (D:3)
5 creatures vanquished.

Grand Total: 15 creatures vanquished

Notes
Turn   | Place    | Note
-------+----------+-------------------------------------------
     0 | D:5      | blackman the Demonspawn Delver began the quest for the Orb.
     0 | D:5      | Reached XP level 1. HP: 18/18 MP: 1/1
    39 | D:5      | Noticed a hound
    49 | D:5      | Killed a hound
    50 | D:5      | Gained mutation: You regenerate magic rapidly. [demonic
                  | ancestry]
    50 | D:5      | Reached XP level 2. HP: 22/24 MP: 2/2
    50 | D:5      | Reached XP level 3. HP: 27/29 MP: 3/3
   115 | D:5      | Noticed a scorpion
   138 | D:5      | Found a snail-covered altar of Cheibriados.
   897 | D:4      | Noticed a phantom
   994 | D:3      | Slain by a gnoll

Illustrated notes

Levels and vault maps discovered:
D:2:      layout_rooms, chequers_ecumenical_altar_simple
D:3:      wad_woods_stonehenge, layout_basic, nzn_wu_jian_council_hall
D:4:      layout_rooms, mainiacjoe_overflow_brackets, st_stairs_11,
          nicolae_stop_n_shop_1
D:5:      layout_gridville, slow_altar_1, ebering_ghost_reflecting_pool

Skill      XL: |  1 |
---------------+----+-----
Axes           | 3 |  3.9
Fighting       | |  3.0
Dodging        | |  1.7
Stealth        | |  4.5

Action                   || total
-------------------------++-------
Melee: Hand axe          ||    35
Throw: Dart              ||     2
  Use: Scroll            ||     3
       Potion            ||     1
 Stab: Sleeping          ||     2
Armor: Leather armour    ||     2
Dodge: Dodged            ||    20
